 Dungeon Crawl Stone Soup version 0.30-a0-1164-ge08a67761e (webtiles) character file.

Game seed: 18120315835582151538

37653 avis the Spry (level 13, -4/113 HPs)
             Began as a Demigod Transmuter on Apr 28, 2023.
             Killed from afar by a raiju (17 damage)
             ... with a living lightning
             ... on level 5 of the Lair of Beasts on Apr 30, 2023.
             The game lasted 03:02:21 (23733 turns).

avis the Spry (Demigod Transmuter)                 Turns: 23733, Time: 03:02:22

Health: -4/113     AC: 10    Str: 15    XL:     13   Next: 27%
Magic:  24/26      EV: 27    Int: 19    God:
Gold:   810        SH:  5    Dex: 28    Spells: 4/24 levels left

rFire   + . .        b - +0 triple crossbow
rCold   + . .        (shield currently unavailable)
rNeg    . . .        L - +2 leather armour {rF+}
rPois   +            S - +2 hat
rElec   .            r - +1 cloak {rPois}
rCorr   .            w - +0 pair of gloves
SInv    .            (no boots)
Will    +....        f - amulet of reflection
Stlth   +++          e - +6 ring of dexterity
HPRegen 0.38/turn    M - ring "Mitzucui" {Fly rPois rC+ Slay+6}
MPRegen 0.20/turn

%: reflection
@: about to teleport, on blink cooldown, flying
A: high MP 1, forlorn, divine attributes
a: no special abilities


You were on level 5 of the Lair of Beasts.
You visited 3 branches of the dungeon, and saw 17 of its levels.
You also visited: Ossuary and Bailey.

You collected 1756 gold pieces.
You spent 946 gold pieces at shops.

Inventory:

Hand Weapons
 b - a +0 triple crossbow (weapon)
Missiles
 F - 9 throwing nets
Armour
 r - a +1 cloak of poison resistance (worn)
 w - a +0 pair of gloves (worn)
 L - a +2 leather armour of fire resistance (worn)
 S - a +2 hat (worn)
Jewellery
 d - a +4 ring of protection
 e - a +6 ring of dexterity (left hand)
 f - an amulet of reflection (around neck)
 k - a ring of see invisible
 M - the ring "Mitzucui" (right hand) {Fly rPois rC+ Slay+6}
   (You found it on level 8 of the Dungeon)

   [ring of flight]

   Slay:      It affects your accuracy & damage with ranged weapons and melee
   (+6).
   rC:        It protects you from cold.
   rPois:     It protects you from poison.
   Fly:       It grants you flight.
Wands
 a - a wand of flame (21)
 l - a wand of paralysis (12)
 J - a wand of quicksilver (3)
 O - a wand of digging (4)
Scrolls
 c - a scroll of identify
 g - 4 scrolls of fog
 i - 5 scrolls of magic mapping
 m - 2 scrolls of poison
 s - 2 scrolls of silence
 y - a scroll of summoning
 N - 3 scrolls of teleportation
Potions
 v - 4 potions of cancellation
 z - 5 potions of lignification
 A - 3 potions of magic
 D - 7 potions of might
 E - 2 potions of flight
 H - 3 potions of resistance
 K - a potion of brilliance
 P - 5 potions of haste
 R - 2 potions of curing
 V - 3 potions of invisibility
Miscellaneous
 t - a box of beasts
 u - a piece from Xom's chessboard (15/15)
 C - a phial of floods


   Skills:
 * Level 10.1 Fighting
 - Level 2.0 Ranged Weapons
 - Level 15.0 Dodging
 - Level 4.0 Stealth
 - Level 10.0 Unarmed Combat
 - Level 6.0 Spellcasting
 - Level 3.0 Translocations
 - Level 7.0 Transmutations
 - Level 4.0 Ice Magic
 - Level 3.0 Air Magic
 - Level 1.0 Poison Magic


You had 4 spell levels left.
You knew the following spells:

 Your Spells              Type           Power      Damage    Failure   Level
a - Beastly Appendage     Tmut           64%        N/A       1%          1
b - Blink                 Tloc           34%        N/A       6%          2
c - Passwall              Tmut/Erth      15%        N/A       4%          2
e - Wereblood             Tmut           32%        N/A       1%          2
f - Swiftness             Air            17%        N/A       12%         3
p - Spider Form           Tmut/Pois      20%        N/A       8%          3
q - Ice Form              Ice/Tmut       26%        N/A       14%         4
r - Frozen Ramparts       Ice            40%        1d7       8%          3

Your spell library contained the following spells:

 Spells                   Type           Power      Damage    Failure   Level
 Freeze                   Ice            80%        1d9       2%          1
 Apportation              Tloc           34%        N/A       4%          1
 Lesser Beckoning         Tloc           34%        N/A       6%          2
 Ozocubu's Armour         Ice            20%        N/A       8%          3
 Ensorcelled Hibernation  Hex/Ice        26%        N/A       9%          2
 Momentum Strike          Conj/Tloc      22%        3d8       11%         2
 Cigotuvi's Dreadful Rot  Necr/Pois/Air  20%        N/A       12%         2
 Gell's Gravitas          Tloc           17%        N/A       12%         3
 Teleport Other           Tloc           17%        N/A       12%         3
 Slow                     Hex            20%        N/A       14%         1
 Ignite Poison            Fire/Tmut/Pois 15%        N/A       14%         3
 Hailstorm                Conj/Ice       13%        3d5       19%         3
 Confusing Touch          Hex            5%         N/A       38%         3
 Vampiric Draining        Necr           5%         2d6       38%         3
 Alistair's Intoxication  Tmut/Pois      13%        N/A       58%         5
 Freezing Cloud           Conj/Ice/Air   7%         6-21      83%         5
 Ozocubu's Refrigeration  Ice            10%        4d9       100%        7


Dungeon Overview and Level Annotations

Branches:
Dungeon (11/15)            Temple (1/1) D:5            Lair (5/5) D:10
 Shoals (0/4) Lair:2       Spider (0/4) Lair:3        Slime (0/5) Lair:4
    Orc (0/2) D:11        Ossuary (visited)          Bailey (visited)

Shops:
D:2 *   D:4 (   D:7 ?   D:9 =*(

Annotations:
D:8 3 runed translucent doors, BubbleThief's ghost, novice NaCA; juan097's ghost, novice DrTm
Lair:3 3 runed translucent doors, Jeffwins's ghost, journeyman HuWn


Innate Abilities, Weirdness & Mutations

You have an increased reservoir of magic. (+10% MP)
You shall have no god before yourself.
Your divine heritage dramatically boosts your attributes as you level up.


Message History

The black mamba misses you.
The water moccasin bites you but does no damage.
The black mamba closely misses you. The water moccasin barely misses you.
The water moccasin bites you.
* * * LOW HITPOINT WARNING * * *
The black mamba completely misses you.
The water moccasin attacks as you move away!
You block the water moccasin's attack.
The black mamba attacks as you move away!
The black mamba bites you but does no damage.
The water moccasin attacks as you move away!
The water moccasin completely misses you.
Fire: b) +0 triple crossbow
Press: ? - help, Q - select action, (/) - cycle Shift-Dir - straight line, f/p - water moccasin
Aim: a water moccasin (heavily wounded, 60% to hit)
You shoot a bolt. The bolt hits the black mamba!!
You kill the black mamba!
Your surroundings suddenly seem different.
A hell hound, a raiju and a wolf come into view.
Found a potion of heal wounds.
The hell hound barks!
You hear a howl!
The wolf howls!
A hell hound comes into view.
The hell hound completely misses you. The hell hound barely misses you.
The hell hound closely misses you. The wolf completely misses you.
The raiju bites you but does no damage.
You hear a howl!
As you read the scroll of teleportation, it crumbles to dust.
You feel strangely unstable.
You hear an angry growl. x2
The wolf completely misses you. The hell hound completely misses you.
A wolf comes into view.
The hell hound completely misses you. The wolf barely misses you.
The raiju barely misses you. The hell hound completely misses you.
Casting: Blink (safe; 6% risk of failure)
Confirm with . or Enter, or press ? or * to list all spells.
You blink.
A black bear comes into view.
The raiju bursts into living lightning!
The living lightning hits you!
You die...

. ## #### h# # ##.##.#.
#..# ##.#..§.#.#....#
###....###.....h.......#
.........#.....hh..h..#
........##..#!#.@h#.###
.......#.. ####.## #
†.... #. ### ##...###
##..#..# P.#....##
....<...# ........#
........#


You could see a raiju, 2 hell hounds, a black bear (wandering) and 2 wolves.

Vanquished Creatures
  A hydra (Lair:5)
  A catoblepas (Lair:4)
  A two-headed ogre (D:7)
  A boulder beetle (Lair:3)
  Amaemon (Lair:2)
  3 skysharks
  An ugly thing (D:7)
  A wolf spider (Lair:5)
  2 cyclopes (D:11)
  10 elephants (Lair:2)
  8 black mambas
  2 unseen horrors
  A torpor snail (Lair:1)
  An orange demon (Lair:2)
  7 cane toads
  3 rime drakes
  A kobold demonologist (D:7)
  10 komodo dragons
  2 polar bears (Lair:2)
  3 hornets
  A snapping turtle (Lair:2)
  4 blink frogs
  4 dream sheep (Lair:5)
  A spriggan (D:8)
  A shadow (D:10)
  36 yaks
  6 wyverns
  2 wraiths
  3 basilisks
  2 vampire mosquitoes (D:11)
  A steam dragon (D:9)
  An acid dragon (D:11)
  14 water moccasins
  2 orc warriors
  2 ice beasts (D:5)
  2 sky beasts
  A hornet zombie (D:3)
  4 wolves (Bailey)
  4 ogres (D:5)
  6 centaurs
  2 phantoms (D:5)
  12 bullfrogs
  2 kobold brigands
  Blork the orc (D:5)
  10 gnoll sergeants (Bailey)
  4 scorpions
  7 wights
  26 killer bees
  3 electric eels
  9 hounds
  5 jellies
  A bullfrog skeleton (D:3)
  9 orc priests
  A sleepcap (D:6)
  6 gnoll boudas (Bailey)
  14 orc wizards
  8 iguanas
  A howler monkey zombie (D:3)
  8 mummies (Ossuary)
  15 gnolls
  9 adders
  2 shadow imps
  4 white imps
  3 ufetubi
  3 worms
  6 dart slugs
  The ghost of BlasphemerAmon the Sneak, a weakling SpDe (D:3)
  39 orcs
  8 endoplasms
  3 giant cockroaches (D:2)
  14 goblins
  7 hobgoblins
  8 jackals
  3 quokkas
  13 ball pythons
  8 bats
  3 frilled lizards
  A goblin skeleton (D:6)
  3 goblin zombies (D:6)
  4 hobgoblin zombies
  21 kobolds
  A kobold skeleton (D:6)
  4 kobold zombies
  2 orc skeletons (D:6)
  4 orc zombies (Ossuary)
  A rat (D:1)
  A spectral orc (D:4)
  2 butterflies (D:6)
479 creatures vanquished.

Vanquished Creatures (others)
  25 fungi
  66 plants
91 creatures vanquished.

Grand Total: 570 creatures vanquished

Notes
Turn   | Place    | Note
-------+----------+-------------------------------------------
     0 | D:1      | avis the Demigod Transmuter began the quest for the Orb.
     0 | D:1      | Reached XP level 1. HP: 15/15 MP: 5/5
    82 | D:1      | Reached skill level 1 in Fighting
   260 | D:1      | Reached XP level 2. HP: 20/24 MP: 4/7
   454 | D:1      | Reached skill level 2 in Dodging
  1383 | D:2      | Reached XP level 3. HP: 29/29 MP: 8/8
  1395 | D:2      | Learned a level 2 spell: Wereblood
  1399 | D:2      | Learned a level 3 spell: Spider Form
  1468 | D:2      | Reached skill level 1 in Poison Magic
  1625 | D:2      | Found Pihaek's General Store.
  2002 | D:2      | Bought a potion of heal wounds for 50 gold pieces
  2002 | D:2      | Bought a scroll of vulnerability for 40 gold pieces
  2002 | D:2      | Bought a scroll of identify for 20 gold pieces
  2002 | D:2      | Bought a +0 helmet for 45 gold pieces
  2002 | D:2      | Bought a +0 pair of gloves for 45 gold pieces
  2031 | D:3      | Reached XP level 4. HP: 37/37 MP: 7/9
  2553 | D:3      | Found a transporter.
  2570 | D:3      | Reached skill level 3 in Dodging
  2575 | D:3      | Reached XP level 5. HP: 30/45 MP: 5/10
  2642 | D:3      | Found a transporter.
  2646 | D:3      | Noticed BlasphemerAmon's ghost (weakling SpDe)
  3178 | D:3      | Upgraded the game from 0.30-a0-1161-g0704695555 to
                  | 0.30-a0-1163-gf69bf04e7a
  3814 | D:4      | Learned a level 4 spell: Ice Form
  3836 | D:4      | Reached XP level 6. HP: 51/51 MP: 9/13
  3895 | D:4      | Found Amell's Antique Weapon Emporium.
  4803 | D:5      | Entered Level 5 of the Dungeon
  4922 | D:5      | Found a staircase to the Ecumenical Temple.
  4955 | D:5      | Reached skill level 4 in Dodging
  5071 | D:5      | Reached XP level 7. HP: 59/59 MP: 11/14
  5334 | D:5      | HP: 2/59 [ice beast (12)]
  5374 | D:5      | Found a sand-covered staircase.
  5379 | Ossuary  | Entered an ossuary
  5617 | Ossuary  | Reached skill level 5 in Fighting
  6040 | D:5      | Noticed Blork the orc
  6145 | D:5      | Killed Blork the orc
  6146 | D:5      | Reached skill level 5 in Dodging
  6146 | D:5      | Reached skill level 1 in Ice Magic
  6146 | D:5      | Reached XP level 8. HP: 68/68 MP: 17/17
  7154 | Temple   | Entered the Ecumenical Temple
  7495 | D:6      | Reached skill level 6 in Dodging
  8231 | D:6      | Reached XP level 9. HP: 63/75 MP: 10/18
  8241 | D:6      | Reached skill level 5 in Transmutations
  8589 | D:7      | Noticed a green ugly thing
  8589 | D:7      | Noticed a kobold demonologist
  8613 | D:7      | Killed a green ugly thing
  8915 | D:6      | Learned a level 2 spell: Blink
  8950 | D:7      | Killed a kobold demonologist
  9003 | D:7      | Found Teacvam's Magic Scroll Boutique.
  9013 | D:7      | Noticed a two-headed ogre
  9028 | D:7      | Killed a two-headed ogre
  9029 | D:7      | Reached skill level 7 in Dodging
  9035 | D:7      | Bought a scroll of noise for 15 gold pieces
  9035 | D:7      | Bought a scroll of magic mapping for 112 gold pieces
  9035 | D:7      | Bought a scroll of vulnerability for 60 gold pieces
  9035 | D:7      | Bought a scroll of immolation for 60 gold pieces
  9035 | D:7      | Bought a scroll of identify for 30 gold pieces
  9035 | D:7      | Bought 2 scrolls of identify for 60 gold pieces
  9035 | D:7      | Bought 2 scrolls of amnesia for 120 gold pieces
  9035 | D:7      | Bought a scroll of torment for 142 gold pieces
  9547 | D:7      | Reached skill level 1 in Translocations
 10181 | D:8      | Noticed juan097's ghost (novice DrTm)
 10181 | D:8      | Noticed BubbleThief's ghost (novice NaCA)
 10181 | D:8      | Found a runed translucent gate.
 10181 | D:8      | Found a runed translucent gate.
 10181 | D:8      | Found a runed translucent gate.
 10190 | D:8      | Reached XP level 10. HP: 88/88 MP: 15/19
 10331 | D:8      | Reached skill level 8 in Dodging
 10399 | D:8      | Reached skill level 9 in Dodging
 10406 | D:8      | Identified the ring "Mitzucui" {Fly rPois rC+ Slay+6}
 11104 | D:3      | Killed BlasphemerAmon's ghost
 11500 | D:9      | Found Zeominuw's Jewellery Shoppe.
 11582 | D:9      | Reached skill level 5 in Unarmed Combat
 11610 | D:9      | Found a flagged portal.
 11647 | Bailey   | Entered a bailey
 11655 | Bailey   | Reached skill level 10 in Dodging
 12334 | Bailey   | HP: 5/105 [wolf (4)]
 12958 | Bailey   | Learned a level 2 spell: Passwall
 12962 | Bailey   | Learned a level 3 spell: Swiftness
 13181 | D:9      | Found Beabizag's Antique Weapon Emporium.
 13279 | D:9      | Found Maothreu's General Store.
 13301 | D:9      | Bought a scroll of teleportation for 42 gold pieces
 13301 | D:9      | Bought a scroll of magic mapping for 105 gold pieces
 13339 | D:10     | Entered Level 10 of the Dungeon
 13535 | D:10     | Reached skill level 1 in Air Magic
 13572 | D:10     | Found a staircase to the Lair.
 14098 | D:10     | Reached XP level 11. HP: 95/95 MP: 18/20
 14296 | D:10     | Upgraded the game from 0.30-a0-1163-gf69bf04e7a to
                  | 0.30-a0-1164-ge08a67761e
 14370 | D:11     | Found a staircase to the Orcish Mines.
 14691 | D:11     | Reached skill level 11 in Dodging
 15385 | D:11     | Reached skill level 10 in Fighting
 15403 | D:11     | Reached skill level 12 in Dodging
 15911 | Lair:1   | Entered Level 1 of the Lair of Beasts
 18560 | Lair:2   | Reached XP level 12. HP: 106/106 MP: 21/21
 18826 | Lair:2   | Reached skill level 13 in Dodging
 19295 | Lair:2   | Noticed Amaemon
 19324 | Lair:2   | Reached skill level 5 in Spellcasting
 19903 | Lair:2   | Killed Amaemon
 20175 | Lair:2   | Found a staircase to the Shoals.
 20317 | Lair:1   | Learned a level 3 spell: Frozen Ramparts
 20455 | Lair:3   | Reached skill level 14 in Dodging
 20521 | Lair:3   | Found a hole to the Spider Nest.
 20587 | Lair:3   | Found a runed translucent gate.
 20587 | Lair:3   | Found a runed translucent gate.
 20587 | Lair:3   | Found a runed translucent gate.
 20684 | Lair:3   | Reached skill level 10 in Unarmed Combat
 20690 | Lair:3   | Reached skill level 1 in Stealth
 20707 | Lair:3   | Noticed a boulder beetle
 20714 | Lair:3   | Killed a boulder beetle
 21335 | Lair:3   | Noticed Jeffwins's ghost (journeyman HuWn)
 21358 | Lair:4   | Found a staircase to the Slime Pits.
 21765 | Lair:4   | Reached skill level 1 in Ranged Weapons
 21851 | Lair:4   | Noticed a catoblepas
 21864 | Lair:4   | Killed a catoblepas
 22440 | Lair:4   | Reached XP level 13. HP: 113/113 MP: 21/26
 23064 | Lair:5   | Entered Level 5 of the Lair of Beasts
 23660 | Lair:5   | Reached skill level 15 in Dodging
 23706 | Lair:5   | HP: 4/135 [wyvern (7)]
 23733 | Lair:5   | Killed from afar by a raiju

Illustrated notes

Levels and vault maps discovered:
D:1:      dpeg_arrival_brainrot, layout_loops_corners, minmay_bisected
D:2:      layout_rooms, serial_shops, nicolae_shop_stone, basic_altar
D:3:      minmay_spotlight, layout_basic, hellmonk_ecumenical_altar_arch_garden,
          gammafunk_ghost_mausoleum
D:4:      minmay_door_path, layout_loops_ring,
          yredelemnul_forgotten_temple_becter, nzn_hepliaklqana_mist_gate,
          makhleb_heckhound_becter, serial_shops, shop
D:5:      minmay_bubble_buster, layout_basic, tgw_sif,
          nemelex_xobeh_ov_fountains_minmay, minmay_temple_entry_ruins,
          enter_ossuary_2
D:6:      minmay_evil_eye, layout_basic, amcnicky_altar_gilded,
          marbit_many_paths, nicolae_tso_besieged_by_evil, xom_butterflies,
          trog_three_pillars_becter
D:7:      layout_rooms, overflow_temple_1_default, kennysheep_mini,
          mainiacjoe_overflow_alcove_1, fedhas_altar_3, serial_shops, shop,
          minmay_manual_mandibuliform
D:8:      layout_cave_pools, gammafunk_ghost_cemetery, serial_column_ruins,
          column_ruins_square_huge, column_ruins_open_tiny,
          column_ruins_open_tiny, column_ruins_open_large, column_ruins_grid_2,
          column_ruins_grid_1, column_ruins_open_small, the_hattery
D:9:      layout_roguey, lemuel_crystal_altar, slow_altar_1, enter_bailey_7,
          serial_shops, nicolae_shop_tiny_waterfront,
          nicolae_shop_pleasant_corner_grove, nicolae_shop_tiny_glass
D:10:     layout_roguey, david_lair_shrubbed
D:11:     layout_gridville, minmay_orc_entry_temple_small
Temple:   hellmonk_temple_micro_hex
Lair:1:   layout_cellular_growth, minivault_24, serial_bayou_lagoon_b
Lair:2:   wander_river, layout_long_grid, minmay_shoals_entry_hut,
          lemuel_fruit_tree, uniq_amaemon
Lair:3:   layout_regular_city, spider_nest_entry_web_field, basic_altar,
          gammafunk_ghost_necromancy, chequers_serial_rivers_small_3,
          nzn_sisyphean_effort
Lair:4:   layout_cave_pods, slime_entry_1, grunt_megastairs_5,
          serial_bayou_shore_b, infiniplex_staircase_pool
Lair:5:   hangedman_lair_caniforms_friends, layout_long_grid,
          hangedman_lair_tendril_chambers

Skill      XL: |  1  2  3  4  5  6  7  8  9 10 11 12 13 |
---------------+----------------------------------------+-----
Fighting       | 2 3 4 5 6 8 10 | 10.1
Unarmed Combat | 3 6 7 10 | 10.0
Dodging        | 2 3 4 5 6 7 10 12 14 15 | 15.0
Transmutations | 2 3 4 6 7 |  7.0
Spellcasting   | 2 3 4 6 |  6.0
Poison Magic   | 1 |  1.0
Ice Magic      | 1 4 |  4.0
Translocations | 2 3 |  3.0
Air Magic      | 1 3 |  3.0
Stealth        | 2 4 |  4.0
Ranged Weapons | 2 |  2.0

Action                     |  1- 3 |  4- 6 |  7- 9 | 10-12 | 13-15 || total
---------------------------+-------+-------+-------+-------+-------++-------
  Melee: Unarmed           |   113 |   128 |   324 |   568 |    73 ||  1206
         Kick              |    27 |     4 |     5 |       |       ||    36
         Headbutt          |    15 |     4 |     6 |       |       ||    25
         Punch             |     3 |       |     1 |       |       ||     4
   Fire: Sling             |    36 |    85 |   120 |       |       ||   241
         Shortbow          |       |       |       |    42 |       ||    42
         Triple crossbow   |       |       |       |   117 |    16 ||   133
   Cast: Beastly Appendage |    25 |     9 |     4 |       |       ||    38
         Spider Form       |     1 |    26 |    23 |     3 |       ||    53
         Ice Form          |       |       |    22 |    70 |     9 ||   101
         Wereblood         |       |       |       |    12 |       ||    12
         Blink             |       |       |       |     2 |     3 ||     5
         Frozen Ramparts   |       |       |       |     3 |       ||     3
Ability: End Transformatio |       |     1 |     4 |     6 |     5 ||    16
  Evoke: Piece from Xom's  |       |       |     1 |       |       ||     1
    Use: Scroll            |     4 |     3 |    12 |     7 |    10 ||    36
         Potion            |       |       |    11 |     1 |       ||    12
   Stab: Sleeping          |     2 |     1 |     1 |     1 |       ||     5
 Armour: Robe              |    24 |    18 |     6 |       |       ||    48
         Skin              |     1 |     6 |    65 |   104 |    14 ||   190
         Leather armour    |       |       |     2 |    14 |     3 ||    19
  Dodge: Dodged            |   103 |   133 |   323 |   630 |   119 ||  1308
  Block: Other             |       |       |       |    40 |    18 ||    58

Table legend: (Time is in decaauts)
 A = Elapsed time spent in this place.
 B = Non-inter-level travel time spent in this place.
 C = Inter-level travel time spent in this place.
 D = Time resting spent in this place.
 E = Time spent auto-exploring this place.
 F = Levels seen in this place.
 G = Mean time per level.
                   A        B        C        D        E       F      G
               +--------+--------+--------+--------+--------+-----+--------+
         Total |  23892 |  21263 |   2629 |   5324 |   8775 |  19 | 1257.5 |
       Dungeon |  14644 |  12799 |   1845 |   2920 |   5437 |  11 | 1331.3 |
        Temple |     37 |     32 |      5 |      0 |      0 |   1 |   37.0 |
          Lair |   7472 |   6693 |    779 |   1602 |   3253 |   5 | 1494.4 |
       Ossuary |    432 |    432 |      0 |    125 |      0 |   1 |  432.0 |
        Bailey |   1306 |   1306 |      0 |    677 |     85 |   1 | 1306.0 |
               +--------+--------+--------+--------+--------+-----+--------+

Top non-repeatable levels by time:
  Lair:1: 2181 daAuts
     D:6: 2084 daAuts
     D:5: 2065 daAuts
  Lair:2: 2012 daAuts
  Lair:4: 1609 daAuts
    D:11: 1478 daAuts
     D:4: 1472 daAuts
     D:1: 1459 daAuts
  Bailey: 1306 daAuts
     D:3: 1255 daAuts
  Lair:3: 1251 daAuts
     D:7: 1146 daAuts
    D:10: 1067 daAuts
     D:9: 1056 daAuts
     D:8: 781 daAuts
